 Dungeon Crawl Stone Soup version 0.18-a0-1774-gce1f7b6 (webtiles) character file.

22595 namelastname112 the Covert (level 13, -7/68 HPs)
             Began as a Vine Stalker Assassin on Apr 15, 2016.
             Was a High Priest of Dithmenos.
             Mangled by a freezing wraith (10 damage)
             ... on level 13 of the Dungeon.
             The game lasted 00:24:15 (11605 turns).

namelastname112 the Covert (Vine Stalker Assassin) Turns: 11605, Time: 00:24:15

Health: -7/68      AC:  9    Str: 15    XL:     13   Next: 1%
Magic:  0/23       EV: 17    Int: 11    God:    Dithmenos [*****.]
Gold:   885        SH:  0    Dex: 24    Spells: 0 memorised, 12 levels left

rFire  + . .     SeeInvis .     a - +5 demon blade (venom)
rCold  + . .     Gourm    .     t - +1 ring mail of Impatience {Dex+6}
rNeg   . . .     Faith    .     (no shield)
rPois  .         Spirit   +     d - +0 helmet
rElec  .         Dismiss  .     p - +0 cloak
rCorr  .         Reflect  .     (no gloves)
SustAt +         Harm     .     W - +2 pair of boots
MR     ++...     Rnd*Rage +     (no amulet)
Stlth  +++++++++.               P - ring of sustain attributes
                                i - ring of magical power

@: slowed, wreathed by umbra, very slow, very resistant to hostile enchantments,
incredibly stealthy
A: fangs 3, talons 1, berserk 1, blurry vision 1, clumsy 1, cold resistance 1,
deformed body, fire resistance 1, magic resistance 1, regeneration 3, shaggy fur
1, magic shield, antimagic bite, no device heal 3, rot immunity, sturdy frame 1
a: Shadow Step, Shadow Form, Renounce Religion


You were on level 13 of the Dungeon.
You worshipped Dithmenos.
Dithmenos was extremely pleased with you.
You were near starving.

You visited 2 branches of the dungeon, and saw 15 of its levels.
You also visited: Sewer.

You collected 957 gold pieces.
You spent 72 gold pieces at shops.

Inventory:

Hand Weapons
 a - a +5 demon blade of venom (weapon)
 v - a +2 dagger of venom
 Q - a +8 blowgun
Missiles
 e - 31 poisoned needles
 f - 2 curare-tipped needles
 T - 16 tomahawks (quivered)
Armour
 d - a +0 helmet (worn)
 p - a +0 cloak (worn)
 t - the +1 ring mail of Impatience (worn) {Dex+6}
   (You found it on level 4 of the Dungeon)

   It affects your dexterity (+6).
 z - a troll hide
 W - a +2 pair of boots (worn)
Jewellery
 b - an uncursed ring of positive energy
 i - a ring of magical power (left hand)
 P - a ring of sustain attributes (right hand)
Wands
 m - a wand of paralysis (3/24)
 B - a wand of disintegration (24/24)
 H - a wand of disintegration (6/24)
 K - a wand of iceblast (5/15)
 L - a wand of slowing (34/48)
 M - a wand of iceblast (9/15)
 U - a wand of iceblast (12/15)
 Y - a wand of digging (14/24)
Scrolls
 n - 2 scrolls of identify
 r - a scroll of amnesia
 u - 3 scrolls of recharging
 w - a scroll of teleportation
 x - 2 scrolls of remove curse
 y - 3 scrolls of magic mapping
 E - 3 scrolls of enchant armour
 G - 4 scrolls of enchant weapon
 J - a scroll of brand weapon
Potions
 h - 9 potions of curing
 j - 6 potions of flight
 l - 5 potions of brilliance
 o - 2 potions of ambrosia
 q - 2 potions of lignification
 s - a potion of agility
 C - 2 potions of resistance
 F - a potion of might
 N - a potion of haste
 V - a potion of cancellation
Books
 I - a book of Party Tricks

   Spells                             Type                      Level
   a - Summon Butterflies             Summoning                    1
   b - Apportation                    Translocation                1
   c - Tukima's Dance                 Hexes                        3
   d - Alistair's Intoxication        Transmutation/Poison         5
   e - Invisibility                   Hexes                        6
 R - a book of Changes

   Spells                             Type                      Level
   a - Beastly Appendage              Transmutation                1
   b - Sticks to Snakes               Transmutation                2
   c - Spider Form                    Transmutation/Poison         3
   d - Ice Form                       Ice/Transmutation            4
   e - Blade Hands                    Transmutation                5
Comestibles
 c - 2 beef jerkies
 g - 11 bread rations
 k - 8 meat rations
 A - 35 fruits
 D - 2 slices of pizza
 S - 7 royal jellies


   Skills:
 + Level 7.7 Fighting
 * Level 10.6 Short Blades
 + Level 8.1 Throwing
 + Level 6.8 Dodging
 * Level 14.6 Stealth


You had 12 spell levels left.
You didn't know any spells.

Dungeon Overview and Level Annotations

Branches:
Dungeon (14/15)            Temple (1/1) D:4            Lair (0/8) D:10
    Orc (0/2) D:12
 Vaults: D:13-14

Altars:
Ashenzari
Cheibriados
Dithmenos
Elyvilon
Fedhas
Gozag
Kikubaaqudgha
Makhleb
Nemelex Xobeh
Okawaru
Pakellas
Qazlal
Ru
Sif Muna
Trog
Vehumet
Xom
Yredelemnul
Zin
The Shining One
Beogh

Shops:
D:8 (((([   D:9 }   D:10 }

Annotations:
D:10 namelastname112's ghost, journeyman VSAs
D:11 Chiseanne's ghost, journeyman DsMo


Innate Abilities, Weirdness & Mutations

You have razor-sharp teeth.
You regenerate.
When hurt, damage is shared between your health and your magic reserves.
Your bite disrupts and absorbs the magic of your enemies.
Potions and wands cannot restore your health.
You are immune to rotting.
You have sharp toenails.
You tend to lose your temper in combat.
Scrolls take you a little longer to read.
You are clumsy. (Dex -2)
Your flesh is cold resistant.
Armour fits poorly on your strangely shaped body.
Your flesh is heat resistant.
You are resistant to hostile enchantments.
You are covered in fur (AC +1).
Your movements are slightly less encumbered by armour (ER -2).


Message History

* * * LOW HITPOINT WARNING * * *
The freezing wraith closely misses you.
You take 8 damage, and have 5/68 hp.
You now have 3/23 mp.
Drink which item? (? for menu, Esc to quit)
Okay, then.
Evoke which item? (* to show all) (? for menu, Esc to quit)
Okay, then.
The freezing wraith hits you but does no damage.
The freezing wraith barely misses you. The freezing wraith barely misses you.
The freezing wraith misses you.
You regained 2 hp, and now have 10/68 hp.
The freezing wraith hits you.
* * * LOW HITPOINT WARNING * * *
The freezing wraith freezes you! You resist.
* * * LOW HITPOINT WARNING * * *
The freezing wraith hits you.
* * * LOW HITPOINT WARNING * * *
You take 10 damage, and have 1/68 hp.
You now have 0/23 mp.
The freezing wraith hits you!
You die...

............## #..#...#
#..........## #......#
..........## #?#....######
##........## #[##........#
#..........# ##.##....>.#.###
#..........# ###.......##.....#
#..........#####....##...####....
.................##.##...# #####
................@W..######
##........########### ##......##
########


You could see a freezing wraith.

Vanquished Creatures
  2 hydras
  A centaur warrior (D:13)
  2 hill giants
  2 orc knights
  2 cyclopes
  3 centaur zombies
  A two-headed ogre (D:13)
  3 trolls
  A queen bee (D:9)
  6 slime creatures
  21 yaks
  A vampire (D:14)
  3 wraiths
  4 wyverns
  Grum (D:9)
  5 hungry ghosts
  2 mottled dragons
  2 wargs (D:10)
  A water moccasin (D:8)
  19 orc warriors
  3 sky beasts
  Duvessa (D:5)
  3 ice beasts
  2 black bears
  2 wasps
  3 phantoms
  6 ogres
  7 centaurs
  2 wolves (D:9)
  6 big kobolds
  9 giant frogs
  Dowan (D:5)
  A wyvern skeleton (D:11)
  3 scorpions
  26 killer bees
  9 wights
  2 howler monkeys (D:11)
  12 crimson imps
  2 giant frog zombies (D:12)
  A quasit (D:8)
  3 hounds
  4 jellies
  7 orc priests
  A wasp zombie (D:13)
  13 orc wizards
  Crazy Yiuf (D:5)
  4 iguanas
  A centaur skeleton (D:10)
  3 giant frog skeletons
  Terence (D:2)
  11 worker ants
  A killer bee zombie (D:10)
  A hound skeleton (D:7)
  A worker ant zombie (D:8)
  6 gnolls
  12 adders
  A howler monkey skeleton (D:7)
  7 river rats (Sewer)
  2 shadow imps
  An ooze (D:5)
  An adder zombie (D:10)
  An adder skeleton (D:5)
  4 worms
  4 giant geckos
  70 orcs
  4 giant cockroaches
  9 goblins
  6 hobgoblins
  16 jackals
  32 kobolds
  A quokka (D:5)
  6 ball pythons
  A ball python skeleton (D:4)
  9 bats
  A giant cockroach zombie (D:6)
  A giant gecko skeleton (D:6)
  5 giant newts
  A quokka skeleton (D:8)
  23 rats
459 creatures vanquished.

Vanquished Creatures (others)
  A jelly (D:2)
  A plant (D:10)
2 creatures vanquished.

Grand Total: 461 creatures vanquished

Notes
Turn   | Place    | Note
--------------------------------------------------------------
     0 | D:1      | namelastname112 the Vine Stalker Assassin began the quest for the Orb.
     0 | D:1      | Reached XP level 1. HP: 11/11 MP: 2/2
    32 | D:1      | Reached skill level 1 in Dodging
    39 | D:1      | Reached XP level 2. HP: 11/15 MP: 3/3
   209 | D:1      | Reached skill level 5 in Stealth
   523 | D:2      | Reached XP level 3. HP: 18/18 MP: 4/4
   614 | D:2      | Noticed Terence
   617 | D:2      | Killed Terence
   631 | D:2      | Reached XP level 4. HP: 23/23 MP: 5/5
   965 | D:2      | Found an oddly glowing altar of Pakellas.
   965 | D:2      | Noticed an orange crystal statue
  1276 | D:3      | Reached XP level 5. HP: 18/27 MP: 6/6
  1489 | D:3      | Found a glowing drain.
  1494 | Sewer    | Entered a sewer
  1526 | Sewer    | Noticed a big kobold
  1531 | Sewer    | Killed a big kobold
  1531 | Sewer    | Reached skill level 6 in Stealth
  1531 | Sewer    | Gained mutation: You heal very quickly. [Vine Stalker growth]
  1531 | Sewer    | Reached XP level 6. HP: 32/32 MP: 7/7
  1837 | Sewer    | Reached XP level 7. HP: 19/36 MP: 8/8
  2130 | D:3      | Found a shattered altar of Ashenzari.
  2343 | D:4      | Reached skill level 7 in Stealth
  2682 | D:4      | Found a shimmering altar of Xom.
  2748 | D:4      | Found a staircase to the Ecumenical Temple.
  2788 | D:4      | Gained mutation: You have razor-sharp teeth. [Vine Stalker growth]
  2788 | D:4      | Reached XP level 8. HP: 40/40 MP: 9/9
  2825 | Temple   | Entered the Ecumenical Temple
  2898 | Temple   | Became a worshipper of Dithmenos the Shadowed
  3025 | D:4      | Got a bronze ring mail
  3138 | D:4      | Identified the +1 ring mail of Impatience {Dex+6} (You found it on level 4 of the Dungeon)
  3178 | D:5      | Entered Level 5 of the Dungeon
  3251 | D:5      | Found an ancient bone altar of Kikubaaqudgha.
  3334 | D:5      | Noticed Duvessa
  3335 | D:5      | Noticed Dowan
  3345 | D:5      | Killed Duvessa
  3354 | D:5      | Killed Dowan
  3354 | D:5      | Reached skill level 8 in Stealth
  3440 | D:5      | Reached skill level 5 in Short Blades
  3641 | D:5      | Noticed Crazy Yiuf
  3648 | D:5      | Killed Crazy Yiuf
  3789 | D:6      | Reached * piety under Dithmenos
  3980 | D:6      | Found an opulent altar of Gozag.
  3980 | D:6      | Found a blossoming altar of Fedhas.
  4138 | D:6      | Reached skill level 9 in Stealth
  4138 | D:6      | Reached XP level 9. HP: 38/45 MP: 10/10
  4540 | D:7      | Found a glowing golden altar of the Shining One.
  5098 | D:8      | Reached ** piety under Dithmenos
  5131 | D:8      | Found Fydos's Antique Armour Shop.
  5213 | D:8      | Found Ysigoxif's Weapon Boutique.
  5232 | D:8      | Reached skill level 10 in Stealth
  5283 | D:8      | Found Kuushih's Weapon Shoppe.
  5294 | D:8      | Found Essuqeih's Antique Weapon Boutique.
  5296 | D:8      | Reached skill level 5 in Fighting
  5296 | D:8      | Reached skill level 5 in Throwing
  5339 | D:8      | Found Ximp's Antique Weapon Emporium.
  5347 | D:8      | Bought a glowing blowgun for 72 gold pieces
  5447 | D:8      | Found a stormy altar of Qazlal.
  5472 | D:8      | Reached XP level 10. HP: 32/51 MP: 11/11
  5935 | D:9      | Reached skill level 11 in Stealth
  6226 | D:9      | Reached skill level 5 in Dodging
  6302 | D:9      | HP: 1/53 [orc priest/divine providence (10)]
  6462 | D:9      | Noticed Grum
  6465 | D:9      | Killed Grum
  6481 | D:9      | Reached *** piety under Dithmenos
  6770 | D:9      | Found Astrerphui's Gadget Shoppe.
  7003 | D:9      | Gained mutation: You have sharp toenails. [potion of mutation]
  7003 | D:9      | Gained mutation: Your body sometimes deteriorates upon taking damage. [potion of mutation]
  7003 | D:9      | Gained mutation: Your magical capacity is low (-10% MP). [potion of mutation]
  7004 | D:9      | Gained mutation: You are resistant to hostile enchantments. [potion of mutation]
  7004 | D:9      | Gained mutation: You tend to lose your temper in combat. [potion of mutation]
  7004 | D:9      | Lost mutation: Your magical capacity is low (-10% MP). [potion of mutation]
  7005 | D:9      | Identified 2 scrolls of acquirement
  7062 | D:10     | Entered Level 10 of the Dungeon
  7271 | D:10     | Found a basalt altar of Yredelemnul.
  7358 | D:10     | Reached XP level 11. HP: 15/56 MP: 10/12
  7467 | D:10     | Gained mutation: You are covered in fur (AC +1). [potion of mutation]
  7467 | D:10     | Gained mutation: Your flesh is heat resistant. [potion of mutation]
  7585 | D:10     | Noticed a cyclops
  7592 | D:10     | Killed a cyclops
  7592 | D:10     | Reached skill level 12 in Stealth
  7616 | D:10     | Gained mutation: You regenerate. [mutagenic meat]
  7617 | D:10     | Gained mutation: Armour fits poorly on your strangely shaped body. [mutagenic meat]
  7618 | D:10     | Gained mutation: Scrolls take you a little longer to read. [mutagenic meat]
  7749 | D:10     | Found a staircase to the Lair.
  7751 | D:10     | Noticed namelastname112's ghost (journeyman VSAs)
  7863 | D:10     | Found Mavvalaz's Quality Used Wands.
  8180 | D:11     | Noticed a hill giant
  8202 | D:11     | Killed a hill giant
  8406 | D:11     | Reached **** piety under Dithmenos
  8483 | D:11     | Noticed Chiseanne's ghost (journeyman DsMo)
  8993 | D:11     | Found a roughly hewn altar of Beogh.
  8993 | D:11     | Noticed an orc knight
  9009 | D:11     | Killed an orc knight
  9034 | D:11     | Reached skill level 13 in Stealth
  9170 | D:11     | HP: 1/58 [Chiseanne's ghost (4)]
  9410 | D:11     | Noticed an eight-headed hydra
  9415 | D:11     | Killed an eight-headed hydra
  9415 | D:11     | Reached ***** piety under Dithmenos
  9654 | D:12     | You fall through a shaft for 2 floors!
  9769 | D:13     | Mutation became permanent: You regenerate. [Vine Stalker growth]
  9769 | D:13     | Reached XP level 12. HP: 36/63 MP: 13/13
  9934 | D:13     | Noticed a seven-headed hydra
 10033 | D:13     | Killed a seven-headed hydra
 10432 | D:13     | Reached skill level 14 in Stealth
 10496 | D:13     | Reached skill level 10 in Short Blades
 10572 | D:13     | Noticed a centaur warrior
 10594 | D:13     | Killed a centaur warrior
 10814 | D:12     | Noticed a seven-headed hydra
 10977 | D:12     | Found a staircase to the Orcish Mines.
 11041 | D:12     | Got a translucent falchion
 11042 | D:12     | Identified the +1 falchion of Indomitability {slice, rPois} (You found it on level 12 of the Dungeon)
 11155 | D:12     | Gained mutation: Your flesh is cold resistant. [potion of mutation]
 11155 | D:12     | Lost mutation: Your body sometimes deteriorates upon taking damage. [potion of mutation]
 11156 | D:12     | Gained mutation: Your movements are slightly less encumbered by armour (ER -2). [potion of mutation]
 11156 | D:12     | Gained mutation: You are clumsy. (Dex -2) [potion of mutation]
 11479 | D:14     | Found a sparkling altar of Nemelex Xobeh.
 11550 | D:14     | Reached XP level 13. HP: 49/68 MP: 14/14
 11603 | D:13     | HP: 3/68 [freezing wraith (6)]
 11603 | D:13     | HP: 1/68 [freezing wraith (2)]
 11605 | D:13     | Mangled by a freezing wraith

Vault maps used:
D:1:      dpeg_arrival_round_b
D:2:      gammafunk_pakellas_statue_experiment, uniq_terence
D:3:      lemuel_doored_altar, gup_sewer_entry_bowl
D:4:      temple_pool_b, serial_forest, infiniplex_forest_lined_2,
          infiniplex_forest_3_way, infiniplex_forest_end_3,
          infiniplex_forest_lined_corner, infiniplex_forest_clump_diagonal,
          infiniplex_forest_straight_4, infiniplex_forest_lined_3, first_bread,
          led_xom_imps
D:5:      kennysheep_little_box, uniq_duvessa, uniq_crazy_yiuf_cottage
D:6:      nicolae_overflow_hidden_temple
D:7:      nicolae_tso_carved_into_rock
D:8:      overflow_temple_1_default, serial_shops, shop, nicolae_shop_stone,
          nicolae_shop_overgrown_old_shop, kennysheep_mini, shop,
          blue_anna_alchemist
D:9:      serial_shops, kennysheep_mini_moat, minivault_7, uniq_grum
D:10:     erik_lair_orcish_takeover, basic_altar,
          hangedman_abyss_or_decor_clamps, nicolae_for_you_no_charge
D:11:     st_stairs_8, minmay_stone_trees_small
D:12:     orc_david_3
D:13:     special_room, minmay_misc_feat_encased
D:14:     grunt_vaults_entry_fortified, grunt_dithmenos_smoke,
          nemelex_xobeh_ov_fountains_minmay
Temple:   minmay_crystal_spiral_temple_12
Sewer:    sewer_minmay_treatment

Skill      XL: |  1  2  3  4  5  6  7  8  9 10 11 12 |
---------------+-------------------------------------+-----
Dodging        | 1 2 3 4 5 6 |  6.8
Throwing       | 2 3 4 5 6 7 8 |  8.1
Fighting       | 2 3 4 5 6 7 |  7.7
Stealth        | 5 6 7 9 10 11 13 14 | 14.6
Short Blades   | 2 3 4 5 6 8 9 10 | 10.6

Action                   |  1- 3 |  4- 6 |  7- 9 | 10-12 | 13-15 || total
-------------------------+-------+-------+-------+-------+-------++-------
Melee: Dagger            |    67 |   214 |   405 |   408 |       ||  1094
       Bite              |    14 |    60 |   187 |   424 |     7 ||   692
       Demon blade       |       |       |       |   503 |    12 ||   515
 Fire: Blowgun           |       |       |       |     4 |       ||     4
Invok: Shadow Step       |       |       |       |     1 |       ||     1
Evoke: Wand              |       |       |       |     2 |       ||     2
  Use: Scroll            |       |       |       |    31 |       ||    31
       Potion            |       |       |       |     9 |       ||     9
 Stab: Sleeping          |     8 |    14 |    20 |    29 |       ||    71
       Distracted        |       |       |     2 |     6 |       ||     8
       Paralysed         |       |       |       |     1 |       ||     1
  Eat: Chunk             |       |     3 |    10 |    29 |       ||    42
       Beef jerky        |       |       |     2 |       |       ||     2
       Fruit             |       |       |       |     3 |       ||     3
Armor: Robe              |    13 |    42 |    16 |       |       ||    71
       Ring mail         |       |       |    67 |   159 |     6 ||   232
Dodge: Dodged            |    37 |   143 |   199 |   763 |    41 ||  1183
